 Dungeon Crawl Stone Soup version 0.31.0-32-g396128a36d (webtiles) character file.

Game seed: 8714661073139715275

3078 spaghetti the Fighter (level 9, -2/81 HPs)
             Began as a Human Chaos Knight on Mar 10, 2024.
             Was a Plaything of Xom.
             Slain by a boulder beetle (8 damage)
             ... on level 9 of the Dungeon.
             The game lasted 00:08:47 (5831 turns).

spaghetti the Fighter (Human Chaos Knight)          Turns: 5831, Time: 00:08:48

Health: -2/81      AC: 10    Str: 11    XL:     9   Next: 89%
Magic:  0/19       EV: 12    Int: 14    God:    Xom [.....*]
Gold:   378        SH:  0    Dex: 32    Spells: 12/22 levels left

rFire   + . .        A - +10 whip of Youthful Indiscretion {holy, Dex+5}
rCold   . . .        (no shield)
rNeg    . . .        b - +2 leather armour
rPois   +            n - +0 helmet
rElec   .            p - +0 cloak
rCorr   .            i - +0 pair of gloves
SInv    +            (no boots)
Will    +....        x - amulet of guardian spirit
Stlth   ++           e - ring of protection from fire
HPRegen 0.33/turn    k - +6 ring of dexterity
MPRegen 0.16/turn

%: guardian spirit
@: mighty
A: explore regen, iridescent scales 1, see invisible, agile 2, strong-willed 1,
poison resistance, MP-powered wands
a: Renounce Religion


You were on level 9 of the Dungeon.
You worshipped Xom.
You were Xom's teddy bear.
You visited 1 branch of the dungeon, and saw 9 of its levels.

You collected 418 gold pieces.
You spent 40 gold pieces at shops.

Inventory:

Hand Weapons
 g - a +1 spear of venom
 q - a +4 quarterstaff of chaos
 s - the +7 hand axe "Ahosod" {elec, rF++}
   (You found it on level 5 of the Dungeon)

   rF++:      It greatly protects you from fire.
 A - the +10 whip of Youthful Indiscretion (weapon) {holy, Dex+5}
   (You found it on level 9 of the Dungeon)

   Dex+5:     It affects your dexterity (+5).
Armour
 b - a +2 leather armour (worn)
 i - a +0 pair of gloves (worn)
 n - a +0 helmet (worn)
 p - a +0 cloak (worn)
Jewellery
 d - a ring of fire
 e - a ring of protection from fire (left hand)
 k - a +6 ring of dexterity (right hand)
 w - an amulet of regeneration
 x - an amulet of guardian spirit (around neck)
Wands
 o - a wand of flame (6)
 r - a wand of polymorph (8)
 B - a wand of mindburst (8)
Scrolls
 f - 2 scrolls of blinking
 j - a scroll of poison
 m - 4 scrolls of teleportation
 t - 3 scrolls of revelation
 u - a scroll of amnesia {unknown}
 v - 2 scrolls of butterflies
Potions
 a - a potion of enlightenment
 l - a potion of resistance
 z - a potion of might


   Skills:
 - Level 11.0 Fighting
 - Level 3.0 Polearms
 - Level 2.0 Armour
 - Level 1.0 Dodging
 - Level 7.0 Spellcasting
 + Level 1.7 Summonings
 + Level 1.7 Necromancy


You had 12 spell levels left.
You knew the following spells:

 Your Spells              Type           Power      Damage    Failure   Level
a - Martyr's Knell        Necr/Summ      9%         N/A       67%         4
b - Death Channel         Necr           4%         N/A       100%        6

Your spell library contained the following spells:

 Spells                   Type           Power      Damage    Failure   Level
 Cigotuvi's Dreadful Rot  Necr/Alch/Air  12%        N/A       22%         2
 Dispel Undead            Necr           9%         3d8       65%         4
 Chain Lightning          Conj/Air       2%         3d2       100%        9
 Fire Storm               Conj/Fire      2%         8d1       100%        9
 Shatter                  Erth           2%         3d6*      100%        9


Dungeon Overview and Level Annotations

Branches:
Dungeon (9/15)             Temple (0/1) D:5            Lair (0/5) D:8
    Orc: D:9-12

Altars:
Ashenzari
Xom

Shops:
D:2 *

Annotations:
D:9 1 runed translucent door, superradish's ghost, novice OpSh


Innate Abilities, Weirdness & Mutations

You regain HP and MP as you explore.
You are partially covered in iridescent scales. (AC +2)
You have supernaturally acute eyesight. (SInv)
You are very agile. (Dex +8, Str/Int -2)
You are strong-willed. (Will+)
Your system is resistant to poisons. (rPois)
You expend magic power (3 MP) to strengthen your wands.


Message History

The boulder beetle bites you.
* * * LOW HITPOINT WARNING * * *
Okay, then.
You barely miss the tengu warrior.
The tengu warrior is moderately wounded.
The tengu warrior hits you with a +3 broad axe.
* * * LOW HITPOINT WARNING * * *
The tengu warrior misses your butterfly.
The tengu warrior hits your butterfly with a +3 broad axe.
Your butterfly dies!
Your butterfly disappears in a burst of colours!
The tengu warrior pecks you but does no damage.
The tengu warrior claws you but does no damage.
The boulder beetle barely misses you.
The tengu warrior hits you with a +3 broad axe!
* * * LOW HITPOINT WARNING * * *
The tengu warrior hits your butterfly with a +3 broad axe!
Your butterfly dies!
Your butterfly disappears in a burst of colours!
The tengu warrior pecks you but does no damage.
The tengu warrior claws you but does no damage.
Okay, then.
You whack the tengu warrior!
The tengu warrior is heavily wounded.
Xom grants you some temporary aid.
The boulder beetle bites you but does no damage.
The tengu warrior barely misses you.
The tengu warrior hits your iron imp with a +3 broad axe.
The tengu warrior hits your crimson imp with a +3 broad axe!
The tengu warrior pecks you but does no damage.
The tengu warrior claws you but does no damage.
You closely miss the tengu warrior.
The tengu warrior is heavily wounded.
You feel less wooden.
Your +0 cloak unmelds from your body.
Your +0 helmet unmelds from your body.
Your +0 pair of gloves unmelds from your body.
Your +2 leather armour unmelds from your body.
The boulder beetle bites you!
You die...
Xom roars with laughter!

## ###### .
##..bb# .##
#..##b# #b_
#.###5##b#
#.# #Q@B# #.#
#5##ยง# #.#
### ##
###########.#
............#
##..........#
#......##..#
#......##..#
#......##..#


You could see a boulder beetle (ally target), a tengu warrior (ally target,
reflecting), a friendly iron imp (summoned) and a friendly crimson imp
(summoned).

Vanquished Creatures
  A two-headed ogre (D:8)
  A vampire mosquito (D:9)
  A steam dragon (D:9)
  Edmund (D:5)
  An acid dragon (D:6)
  A black bear (D:6)
  2 sky beasts
  An ogre (D:5)
  A centaur (D:9)
  A kobold brigand (D:7)
  2 bullfrogs
  3 scorpions
  2 wights
  4 killer bees (D:8)
  2 howler monkeys
  A bombardier beetle (D:8)
  A crimson imp (D:6)
  5 hounds
  3 orc priests
  Crazy Yiuf (D:3)
  Ijyb (D:4)
  5 iguanas
  An orc wizard (D:9)
  Robin (D:3)
  7 gnolls
  4 adders
  A river rat (D:4)
  2 shadow imps
  A white imp (D:6)
  3 ribbon worms
  2 dart slugs (D:3)
  10 orcs
  5 endoplasms
  A giant cockroach (D:4)
  14 goblins
  2 hobgoblins
  8 jackals
  13 kobolds
  A quokka (D:5)
  10 ball pythons
  6 bats
  5 frilled lizards
  5 rats
143 creatures vanquished.

Vanquished Creatures (collateral kills)
  A centaur (D:7)
  A frilled lizard (D:1)
2 creatures vanquished.

Grand Total: 145 creatures vanquished

Notes
Turn   | Place    | Note
-------+----------+-------------------------------------------
     0 | D:1      | spaghetti the Human Chaos Knight began the quest for the
                  | Orb.
     0 | D:1      | Reached XP level 1. HP: 18/18 MP: 1/1
   141 | D:1      | Found a faded altar of an unknown god.
   185 | D:1      | Reached XP level 2. HP: 24/24 MP: 2/2
   209 | D:1      | XOM: silly message
   229 | D:1      | XOM: divination: detect items
   413 | D:1      | Gained mutation: You possess an exceptional clarity of
                  | mind. [potion of mutation]
   413 | D:1      | Gained mutation: You are agile. (Dex +4, Str/Int -1)
                  | [potion of mutation]
   413 | D:1      | Gained mutation: You are strong-willed. (Will+) [potion of
                  | mutation]
   573 | D:2      | Reached skill level 4 in Fighting
   616 | D:2      | Reached XP level 3. HP: 28/30 MP: 3/3
   718 | D:2      | Found Efukhleg's Assorted Antiques.
   726 | D:2      | Found a broken altar of Ashenzari.
   728 | D:2      | Bought a scroll of identify for 40 gold pieces
   745 | D:2      | XOM: silly message
  1184 | D:3      | XOM: enchant monster (bad)
  1308 | D:3      | Reached XP level 4. HP: 38/38 MP: 4/4
  1335 | D:3      | Noticed Robin
  1350 | D:3      | Killed Robin
  1351 | D:3      | Reached skill level 5 in Fighting
  1802 | D:3      | XOM: enchant monster (bad)
  1997 | D:3      | Found a runed translucent door.
  1998 | D:3      | Identified the +4 hammer "Vueluhar" {protect, rElec rC-
                  | Int+2}
  1998 | D:3      | Noticed Crazy Yiuf
  2004 | D:3      | XOM: confuse monster(s)
  2009 | D:3      | Killed Crazy Yiuf
  2010 | D:3      | Reached XP level 5. HP: 35/45 MP: 5/5
  2439 | D:4      | Reached skill level 6 in Fighting
  2624 | D:3      | XOM: divination: detect creatures
  2662 | D:4      | Reached XP level 6. HP: 26/53 MP: 6/6
  2949 | D:4      | XOM: give mutations
  2949 | D:4      | Lost mutation: You possess an exceptional clarity of mind.
                  | [Xom's mischief]
  2949 | D:4      | Gained mutation: You are partially covered in iridescent
                  | scales. (AC +2) [Xom's mischief]
  2949 | D:4      | Gained mutation: You expend magic power (3 MP) to
                  | strengthen your wands. [Xom's mischief]
  2949 | D:4      | Lost mutation: You are strong-willed. (Will+) [Xom's
                  | mischief]
  3013 | D:4      | Noticed Ijyb
  3026 | D:4      | Killed Ijyb
  3027 | D:4      | Reached skill level 7 in Fighting
  3332 | D:4      | XOM: cloud trail
  3537 | D:4      | XOM: noise
  3658 | D:5      | Entered Level 5 of the Dungeon
  3685 | D:5      | XOM: confuse monster(s)
  3746 | D:5      | Identified the +7 hand axe "Ahosod" {elec, rF++}
  3761 | D:5      | Found a staircase to the Ecumenical Temple.
  3820 | D:5      | Reached skill level 8 in Fighting
  3820 | D:5      | Reached XP level 7. HP: 19/62 MP: 7/7
  4008 | D:5      | Noticed Edmund
  4016 | D:5      | Killed Edmund
  4195 | D:6      | Reached skill level 9 in Fighting
  4318 | D:6      | Reached XP level 8. HP: 62/71 MP: 8/8
  4684 | D:6      | XOM: noise
  4776 | D:6      | Reached skill level 10 in Fighting
  5017 | D:7      | XOM: 1-stop teleportation journey
  5019 | D:7      | XOM: cleaving
  5056 | D:7      | Reached skill level 11 in Fighting
  5061 | D:7      | Learned a level 4 spell: Martyr's Knell
  5090 | D:7      | XOM: scenery: summon butterflies
  5099 | D:7      | XOM: summons 4 friendly demons
  5102 | D:7      | Reached skill level 1 in Spellcasting
  5143 | D:7      | XOM: give mutation
  5143 | D:7      | Gained mutation: Your system is resistant to poisons.
                  | (rPois) [Xom's grace]
  5150 | D:7      | XOM: give mutations
  5150 | D:7      | Gained mutation: You are strong-willed. (Will+) [Xom's
                  | grace]
  5150 | D:7      | Gained mutation: You are very agile. (Dex +8, Str/Int -2)
                  | [Xom's grace]
  5150 | D:7      | Gained mutation: You have supernaturally acute eyesight.
                  | (SInv) [Xom's grace]
  5184 | D:8      | XOM: noise
  5185 | D:8      | Noticed a nameless horror
  5211 | D:8      | XOM: polymorph killer bee -> bombardier beetle
  5239 | D:8      | Noticed a two-headed ogre
  5243 | D:8      | XOM: divination: magic mapping
  5244 | D:8      | XOM: fog
  5246 | D:8      | Killed a two-headed ogre
  5246 | D:8      | XOM: cloud trail
  5247 | D:8      | Reached skill level 5 in Spellcasting
  5247 | D:8      | Reached XP level 9. HP: 73/81 MP: 0/16
  5254 | D:8      | Learned a level 6 spell: Death Channel
  5340 | D:8      | XOM: 7-stop teleportation journey
  5375 | D:7      | XOM: god gift: staff of air
  5558 | D:8      | Found a staircase to the Lair.
  5574 | D:9      | XOM: stealth player
  5652 | D:9      | Found a runed translucent door.
  5652 | D:9      | Noticed superradish's ghost (novice OpSh)
  5689 | D:9      | Reached skill level 1 in Necromancy
  5694 | D:9      | Identified the +10 whip of Youthful Indiscretion {holy,
                  | Dex+5}
  5804 | D:9      | Noticed a tengu warrior
  5807 | D:9      | Noticed a boulder beetle
  5811 | D:9      | XOM: enchant monster (good)
  5815 | D:9      | Reached skill level 1 in Summonings
  5821 | D:9      | XOM: scenery: create altars
  5830 | D:9      | XOM: summons 2 friendly demons
  5831 | D:9      | Slain by a boulder beetle

Illustrated notes

Levels and vault maps discovered:
D:1:      kennysheep_arrival_seaside, layout_basic,
          hellmonk_ecumenical_altar_slurped_away, chequers_serial_rivers_large_a
D:2:      layout_rooms, serial_shops, shop, basic_altar
D:3:      layout_basic, uniq_robin, uniq_crazy_yiuf_cottage
D:4:      layout_basic, mainiacjoe_sewer_entry_somewhere_in_here_1,
          minmay_misc_feat_plants, uniq_ijyb
D:5:      layout_basic, minmay_temple_entry_glass, gammafunk_ghost_grave,
          nicolae_custom_books, goddamned_bats, uniq_edmund
D:6:      layout_loops_ring, dk_noncrumbling_4, minmay_fire_ice_demons
D:7:      layout_loops_ring
D:8:      layout_basic, lair_entry_dummy
D:9:      minmay_cornered_nines, layout_long_grid, vehumet_statue,
          ebering_ghost_inner_flame, minmay_misc_feat_room

Skill      XL: |  1  2  3  4  5  6  7  8  9 |
---------------+----------------------------+-----
Fighting       | 4 5 6 8 9 11 | 11.0
Spellcasting   | 5 7 |  7.0
Necromancy     | 1 |  1.7
Summonings     | 1 |  1.7
Polearms       | |  3.0
Armour         | |  2.0
Dodging        | |  1.0

Action                     |  1- 3 |  4- 6 |  7- 9 || total
---------------------------+-------+-------+-------++-------
  Melee: Spear             |   127 |    38 |       ||   165
         Punch             |     2 |       |     4 ||     6
         Quarterstaff      |       |    75 |       ||    75
         Hand axe          |       |    15 |   161 ||   176
         Unarmed           |       |     6 |       ||     6
         Whip              |       |       |    19 ||    19
  Evoke: Wand              |       |       |     6 ||     6
    Use: Scroll            |     7 |     3 |     6 ||    16
         Potion            |     2 |     5 |     7 ||    14
   Stab: Sleeping          |     3 |     2 |     4 ||     9
         Paralysed         |     3 |       |       ||     3
         Confused          |       |     2 |       ||     2
 Armour: Leather armour    |    54 |    85 |   144 ||   283
         Skin              |       |     1 |    55 ||    56
  Dodge: Dodged            |    84 |    75 |   125 ||   284
